 Dungeon Crawl Stone Soup version 0.30-a0-250-g41c1d76940 (webtiles) character file.

Game seed: 6055312399539348171

55 NinjaNoafa the Trooper (level 3, -1/34 HPs)
             Began as a Minotaur Monk on Oct 12, 2022.
             Slain by Terence
             ... wielding a +0 mace of holy wrath
              (10 damage)
             ... on level 3 of the Dungeon.
             The game lasted 00:05:40 (2048 turns).

NinjaNoafa the Trooper (Minotaur Monk)              Turns: 2048, Time: 00:05:40

Health: -1/34      AC:  2    Str: 17    XL:     3   Next: 67%
Magic:  2/2        EV: 12    Int:  7    God:
Gold:   14         SH:  0    Dex: 12    Spells: 2/2 levels left

rFire   . . .      SeeInvis .    a - +0 hand axe
rCold   . . .      Faith    .    (no shield)
rNeg    . . .      Spirit   .    m - +0 leather armour
rPois   +          Reflect  .    (helmet restricted)
rElec   .          Harm     .    (no cloak)
rCorr   .          Rampage  .    (no gloves)
Will    .....                    i - +0 pair of boots
Stlth   +.........               (no amulet)
HPRegen 0.25/turn                o - ring of poison resistance
MPRegen 0.08/turn                (no ring)

@: unable to read
A: horns 2, retaliatory headbutt, deformed body, mutation resistance 1,
inability to read after injury 1
a: no special abilities


You were on level 3 of the Dungeon.
You visited 1 branch of the dungeon, and saw 3 of its levels.

You collected 158 gold pieces.
You spent 144 gold pieces at shops.

Inventory:

Hand Weapons
 a - a +0 hand axe (weapon)
Missiles
 d - 45 stones
 e - 9 poisoned darts (quivered)
Armour
 i - a +0 pair of boots (worn)
 m - a +0 leather armour (worn)
Jewellery
 o - a ring of poison resistance (left hand)
Scrolls
 b - 2 scrolls of identify {unknown}
 l - a scroll of summoning {unknown}
 n - a scroll of enchant armour {unknown}
 p - a scroll of poison {unknown}
Potions
 c - a potion of haste {unknown}
 f - 2 potions of lignification {unknown}
 g - 2 potions of cancellation {unknown}
 h - a potion of might
 j - 3 potions of brilliance {unknown}
 k - a potion of curing {unknown}


   Skills:
 + Level 4.4 Fighting
 + Level 4.4 Axes
 + Level 2.2 Armour
 - Level 3.2 Dodging
 - Level 1.5 Stealth


You had 2 spell levels left.
You didn't know any spells.
Your spell library contained the following spells:

 Spells                   Type           Power      Damage    Failure   Level
 Tukima's Dance           Hex            0%         N/A       86%         3
 Passage of Golubria      Tloc           0%         N/A       99%         4
 Yara's Violent Unravell  Hex/Tmut       0%         3d3       100%        5


Dungeon Overview and Level Annotations

Branches:
Dungeon (3/15)

Altars:

Shops:
D:1 !

Annotations:
D:3 Terence


Innate Abilities, Weirdness & Mutations

You have a pair of horns on your head.
You reflexively headbutt those who attack you in melee.
Armour fits poorly on your strangely shaped body.
You are somewhat resistant to further mutation.
You occasionally lose the ability to read scrolls when taking damage.


Message History

Where to? (Enter - D:2, ? - help)
There is a stone staircase leading down here.
You climb downwards.
There is a stone staircase leading up here.
There is a stone staircase leading up here.
You open the door.
There is an open door here.
Terence the Incautious comes into view.
He is wielding a +0 mace of holy wrath.
Terence shouts!
Terence is nearby!
(D) Dungeon
Where to? (Enter - D:3, ? - help) Terence is nearby!
Unknown command.
Really quaff the potion of mutation?
You feel extremely strange.
You occasionally lose the ability to read scrolls when taking damage.
Your body twists and deforms.
You feel genetically stable. Terence closely misses you.
You furiously retaliate!
You headbutt Terence! You barely miss Terence.
Terence is heavily wounded.
Terence hits you with a +0 mace of holy wrath!
You barely miss Terence.
Terence is heavily wounded.
Terence hits you with a +0 mace of holy wrath.
You closely miss Terence.
Terence is heavily wounded.
Terence hits you with a +0 mace of holy wrath!
You feel threatened and lose the ability to read scrolls!
You hit Terence. Your headbutt misses Terence.
Terence is heavily wounded.
Terence closely misses you.
You hit Terence but do no damage. You headbutt Terence.
Terence is severely wounded.
Terence hits you with a +0 mace of holy wrath.
* * * LOW HITPOINT WARNING * * *
You hit Terence.
Terence is severely wounded.
Terence hits you with a +0 mace of holy wrath!
You die...

####.#
##.....##
##.......# #.#
##...##
#.#.###.# #.#
##'## #.#.# #.#
#.########
#.#.# #.#
#........#
#.#># ^.#
###.######.#
#.... ####
#.......# ###.#
#.....#.##.####
.#
#....#.@@......
#.#.##...#.####
.....##...#
###.#........
#.......#### #
#######


You could see Terence.

Vanquished Creatures
  A worm (D:2)
  4 dart slugs (D:1)
  7 endoplasms
  A giant cockroach (D:3)
  4 goblins
  3 hobgoblins (D:1)
  3 jackals (D:1)
  3 quokkas (D:1)
  3 ball pythons
  4 bats (D:1)
  2 frilled lizards
  A kobold (D:1)
  4 rats
  A spectral kobold (D:1)
41 creatures vanquished.

Notes
Turn   | Place    | Note
-------+----------+-------------------------------------------
     0 | D:1      | NinjaNoafa the Minotaur Monk began the quest for the Orb.
     0 | D:1      | Reached XP level 1. HP: 19/19 MP: 0/0
    73 | D:1      | Found a faded altar of an unknown god.
   182 | D:1      | Reached skill level 1 in Armour
   273 | D:1      | Reached XP level 2. HP: 25/27 MP: 1/1
   475 | D:1      | Reached XP level 3. HP: 27/33 MP: 2/2
   534 | D:1      | Found Iphil's Distillery.
   540 | D:1      | Bought a potion of might for 48 gold pieces
  1210 | D:2      | HP: 1/33 [worm (8)]
  1959 | D:1      | Bought a potion of mutation for 96 gold pieces
  2040 | D:3      | Noticed Terence
  2041 | D:3      | Gained mutation: You occasionally lose the ability to read
                  | scrolls when taking damage. [potion of mutation]
  2041 | D:3      | Gained mutation: Armour fits poorly on your strangely
                  | shaped body. [potion of mutation]
  2041 | D:3      | Gained mutation: You are somewhat resistant to further
                  | mutation. [potion of mutation]
  2048 | D:3      | Slain by Terence

Illustrated notes

Levels and vault maps discovered:
D:1:      minmay_arrival_shattered_statue, layout_basic,
          dreamdust_ecumenical_altar_drowned_temple, serial_shops, shop
D:2:      layout_basic, serial_co_window_serial, co_window_corner_a,
          co_window_paths_b, co_window_paths_a, co_window_paths_a,
          co_window_paths_a, co_window_corner_b, co_window_2corner,
          co_window_of_opportunity_c, co_window_4corner_a, glass_columns_a,
          glass_columns_a, glass_columns_a, kennysheep_nub
D:3:      layout_loops_corners, grunt_decor_resistance, uniq_terence

Skill      XL: |  1  2  3 |
---------------+----------+-----
Armour         | 1 2 |  2.2
Fighting       | 4 |  4.4
Axes           | 4 |  4.4
Dodging        | |  3.2
Stealth        | |  1.5

Action                   || total
-------------------------++-------
Melee: Hand axe          ||    98
       Headbutt          ||    10
Throw: Dart              ||     4
  Use: Potion            ||     2
 Stab: Sleeping          ||     2
Armor: Robe              ||    12
       Leather armour    ||     5
Dodge: Dodged            ||    55

Table legend: (Time is in decaauts)
 A = Elapsed time spent in this place.
 B = Non-inter-level travel time spent in this place.
 C = Inter-level travel time spent in this place.
 D = Time resting spent in this place.
 E = Time spent auto-exploring this place.
 F = Levels seen in this place.
 G = Mean time per level.
                   A        B        C        D        E       F      G
               +--------+--------+--------+--------+--------+-----+--------+
         Total |   2072 |   1867 |    205 |      0 |   1486 |   3 |  690.7 |
       Dungeon |   2072 |   1867 |    205 |      0 |   1486 |   3 |  690.7 |
               +--------+--------+--------+--------+--------+-----+--------+

Top non-repeatable levels by time:
     D:2: 905 daAuts
     D:1: 876 daAuts
     D:3: 290 daAuts
